 Dungeon Crawl Stone Soup version 0.27.0-1-g7a089689b8 (webtiles) character file.

Game seed: 14300896251972870569

389 HungrySpirit the Skirmisher (level 6, -2/57 HPs)
             Began as a Demigod Summoner on Aug 1, 2021.
             Slain by an orc (3 damage)
             ... on level 4 of the Dungeon.
             The game lasted 00:10:00 (6635 turns).

HungrySpirit the Skirmisher (Demigod Summoner)      Turns: 6635, Time: 00:10:02

Health: -2/57      AC:  5    Str: 17    XL:     6   Next: 25%
Magic:  11/11      EV: 11    Int: 17    God:
Gold:   117        SH:  0    Dex: 14    Spells: 5/8 levels left

rFire    . . .     SeeInvis .   y - +2 dagger (holy)
rCold    . . .     Faith    .   (no shield)
rNeg     . . .     Spirit   .   s - +0 ring mail
rPois    +         Reflect  .   (no helmet)
rElec    .         Harm     .   (no cloak)
rCorr    .         Rampage  .   (no gloves)
Will     .....                  (no boots)
Stlth    +.........             (no amulet)
HPRegen  0.19/turn              f - ring of poison resistance
MPRegen  0.12/turn              m - ring of wizardry

@: brilliant, lethally poisoned (-2 -> -7), flying
A: high mp 1, forlorn
a: no special abilities


You were on level 4 of the Dungeon.
You visited 1 branch of the dungeon, and saw 4 of its levels.

You collected 117 gold pieces.

Inventory:

Hand Weapons
 r - a +0 falchion
 y - a +2 dagger of holy wrath (weapon)
Missiles
 j - 27 poisoned darts (quivered)
Armour
 s - a +0 ring mail (worn)
Jewellery
 f - a ring of poison resistance (left hand)
 m - a ring of wizardry (right hand)
 v - a ring of positive energy
Scrolls
 b - 2 scrolls of identify {unknown}
 c - a scroll of acquirement {unknown}
 i - a scroll of immolation {unknown}
 o - 3 scrolls of teleportation {unknown}
 p - 2 scrolls of fog {unknown}
 u - a scroll of enchant armour {unknown}
Potions
 d - a potion of ambrosia {unknown}
 e - a potion of berserk rage {unknown}
 h - a potion of invisibility {unknown}
 q - a potion of heal wounds {unknown}
 t - a potion of haste {unknown}
 w - a potion of curing {unknown}
 x - 2 potions of lignification {unknown}


   Skills:
 * Level 5.9 Fighting
 + Level 1.0 Short Blades
 - Level 1.7 Dodging
 - Level 1.7 Stealth
 - Level 1.7 Spellcasting
 - Level 3.6 Summonings


You had 5 spell levels left.
You knew the following spells:

 Your Spells              Type           Power      Damage    Failure   Level
a - Summon Small Mammal   Summ           80%        N/A       3%          1
b - Call Imp              Summ           20%        N/A       5%          2

Your spell library contained the following spells:

 Spells                   Type           Power      Damage    Failure   Level
 Call Canine Familiar     Summ           20%        N/A       11%         3
 Animate Skeleton         Necr           4%         N/A       16%         1
 Pain                     Necr           8%         1d4       16%         1
 Summon Guardian Golem    Hex/Summ       11%        N/A       21%         3
 Teleport Other           Tloc           2%         N/A       38%         3
 Vampiric Draining        Necr           1%         2d6       38%         3
 Summon Lightning Spire   Summ/Air       11%        N/A       54%         4
 Bolt of Magma            Conj/Fire/Erth 1%         4d4       98%         5
 Freezing Cloud           Conj/Ice/Air   1%         6-21      98%         5
 Iron Shot                Conj/Erth      1%         9d1       100%        6


Dungeon Overview and Level Annotations

Branches:
Dungeon (4/15)
 Temple: D:4-7

Shops:
D:2 ?


Innate Abilities, Weirdness & Mutations

Your attributes grow dramatically as you level up.
You have an increased reservoir of magic. (+10% MP)
You shall have no god before yourself.


Message History

You feel sick. The orc closely misses you.
You hit the orc but do no damage.
The orc is heavily wounded.
You feel sick.
The orc hits you with a +3 short sword of venom.
You hit the orc.
The orc is heavily wounded.
You feel sick.
The orc hits you with a +3 short sword of venom.
An endoplasm comes into view.
The endoplasm quivers.
You hit the orc but do no damage.
The orc is heavily wounded.
You feel sick.
The orc hits you with a +3 short sword of venom.
You are more poisoned.
You hit the orc.
The orc is almost dead.
You feel very sick.
The orc hits you with a +3 short sword of venom.
* * * LOW HITPOINT WARNING * * *
Okay, then.
You closely miss the orc.
The orc is almost dead.
You feel sick.
The orc hits you with a +3 short sword of venom.
* * * LOW HITPOINT WARNING * * *
It was a potion of brilliance.
You feel clever all of a sudden.
* * * LOW HITPOINT WARNING * * *
You feel sick.
The orc hits you with a +3 short sword of venom.
* * * LOW HITPOINT WARNING * * *
It was a potion of flight.
You feel very buoyant.
You fly up into the air.
* * * LOW HITPOINT WARNING * * *
You feel sick.
The orc hits you with a +3 short sword of venom.
You die...

##
...#
#..#
!...
#$.###
#....
#
#.J.##
#.o..#
#.#
#.@#
..#
#..#
###
#.>.
#####


You could see an orc and an endoplasm.

Vanquished Creatures
  2 iron imps (D:3)
  An orc wizard (D:3)
  2 hound skeletons
  2 adders (D:2)
  3 adder zombies (D:3)
  An adder skeleton (D:4)
  A worm (D:3)
  2 dart slugs
  3 orcs (D:3)
  7 endoplasms
  4 giant cockroaches
  6 hobgoblins
  8 jackals
  2 quokkas
  4 ball pythons
  7 bats
  4 frilled lizards
  10 goblins
  A jackal zombie (D:3)
  4 kobolds
  2 rats (D:2)
76 creatures vanquished.

Vanquished Creatures (collateral kills)
  Sigmund (D:2)
  A black bear (D:3)
  A hound (D:4)
  An iron imp (D:3)
  A scorpion zombie (D:3)
  Terence (D:3)
  An adder (D:3)
  An ufetubus (D:4)
  2 worms (D:2)
  2 orcs (D:3)
  A goblin (D:3)
  2 hobgoblins (D:1)
  2 ball pythons (D:1)
  5 kobolds
22 creatures vanquished.

Vanquished Creatures (others)
  A plant (D:3)
  2 withered plants (D:3)
3 creatures vanquished.

Grand Total: 101 creatures vanquished

Notes
Turn   | Place    | Note
-------+----------+-------------------------------------------
     0 | D:1      | HungrySpirit the Demigod Summoner began the quest for the
                  | Orb.
     0 | D:1      | Reached XP level 1. HP: 14/14 MP: 5/5
   272 | D:1      | Reached skill level 1 in Fighting
   713 | D:1      | Reached XP level 2. HP: 10/23 MP: 5/7
  1107 | D:1      | Reached skill level 2 in Fighting
  2068 | D:1      | Learned a level 2 spell: Call Imp
  2103 | D:2      | Found Naesomn's Magic Scroll Boutique.
  2115 | D:2      | Reached XP level 3. HP: 25/30 MP: 3/8
  2379 | D:2      | Reached skill level 3 in Fighting
  3047 | D:2      | Noticed Sigmund
  3067 | D:2      | Killed Sigmund
  3068 | D:2      | Reached skill level 4 in Fighting
  3068 | D:2      | Reached XP level 4. HP: 31/40 MP: 2/9
  3181 | D:2      | You fall into a shaft and drop 1 floor!
  3396 | D:2      | You fall into a shaft and drop 2 floors!
  3832 | D:3      | Reached XP level 5. HP: 18/47 MP: 5/10
  4416 | D:3      | Noticed Terence
  4416 | D:3      | Noticed a black bear
  4431 | D:3      | Killed a black bear
  4432 | D:3      | Reached skill level 5 in Fighting
  4444 | D:3      | Killed Terence
  4558 | D:3      | Got Piurayhe's Papyrus of Translocation and Confrontation
  5534 | D:3      | Reached XP level 6. HP: 40/56 MP: 1/11
  6309 | D:3      | Reached skill level 1 in Short Blades
  6635 | D:4      | HP: 1/57 [poisoned by an orc]
  6635 | D:4      | Slain by an orc

Illustrated notes

Levels and vault maps discovered:
D:1:      lightli_arrival_noodles, layout_loops_ring, basic_ecumenical_altar
D:2:      layout_loops_cross, serial_shops, nicolae_shop_trees, uniq_sigmund
D:3:      layout_basic, demons_altar, xom_teletrap_fun, lemuel_crystal_altar,
          serial_undead, serial_undead_a, serial_undead_e, serial_undead_e,
          serial_undead_e, serial_bayou_pond_b, minmay_misc_feat_x,
          amcnicky_mini_corridor_feature, uniq_terence
D:4:      layout_basic, serial_shops, nicolae_shop_trees, minmay_ogre_servants

Skill      XL: |  1  2  3  4  5  6 |
---------------+-------------------+-----
Fighting       | 1 2 4 5 |  5.9
Short Blades   | 1 |  1.0
Dodging        | |  1.7
Stealth        | |  1.7
Spellcasting   | |  1.7
Summonings     | |  3.6

Action                   |  1- 3 |  4- 6 || total
-------------------------+-------+-------++-------
Melee: Rapier            |    89 |       ||    89
       Unarmed           |     7 |       ||     7
       Short sword       |    59 |   195 ||   254
       Dagger            |       |    49 ||    49
 Cast: Summon Small Mamm |    21 |       ||    21
       Call Imp          |    10 |    34 ||    44
  Use: Potion            |       |     2 ||     2
 Stab: Sleeping          |     3 |     4 ||     7
       Distracted        |     1 |       ||     1
Armor: Robe              |    38 |    13 ||    51
       Ring mail         |       |    85 ||    85
Dodge: Dodged            |   125 |   184 ||   309
